Jets vs Sharks

Created - February 25, 2017 at 14:38

Goals
1 2 3 T
Jets 2 3 0 5
Sharks 1 0 0 1
Shots
1 2 3 T
Jets 17 15 8 40
Sharks 5 9 7 21

1st period

1. Jets , Rickard Rakell 15 (Hampus Lindholm) at 3:17
2. Jets , Mika Zibanejad 23 (Mike Cammalleri, Nick Holden) at 15:44
3. Sharks , Martin Havlat 3 (Sean Couturier, Seth Jones) at 15:58

Penalties :
Seth Jones (SJS) for Diving (Minor) at 0:23

2nd period

4. Jets , Joe Pavelski 29 (Mike Cammalleri, Mika Zibanejad) at 0:04
5. Jets , Joe Pavelski 30 (Nick Holden) at 0:16
6. Jets , Mike Cammalleri 16 (Mika Zibanejad) at 18:00

Penalties :
Brenden Dillon (SJS) for Hooking (Minor) at 10:18, Nick Bjugstad (SJS) for Holding (Minor) at 12:48, Nick Holden (WPG) for High sticking (Minor) at 18:19

3rd period

No Goal

Penalties :
Nick Bjugstad (SJS) for Fighting (Major) at 1:33, Jamie Benn (WPG) for Fighting (Major) at 1:33, Brenden Dillon (SJS) for High sticking (Minor) at 1:36, Mikhail Grigorenko (SJS) for Roughing (Minor) at 19:15

Goalie Stats

Cory Schneider (WPG), 20 saves from 21 shots - (0.952), W, 31-16-3, 60:00 minutes
Louis Domingue (SJS), 20 saves from 21 shots - (0.952), 39:44 minutes
Semyon Varlamov (SJS), 15 saves from 19 shots - (0.789), L, 31-15-6, 20:16 minutes

Players Stats for Jets

Player Name              G  A  P  +/- PIM S  H  SB GA TA FO     MP     PP MP  PK MP  
------------------------------------------------------------------------------------
Ben Lovejoy              0  0  0  -1  0   0  1  2  0  0  0/0    17:47   0:00   0:44 
Braydon Coburn           0  0  0   0  0   1  0  1  0  0  0/0    12:50   0:00   0:00 
Brock Nelson             0  0  0   0  0   2  1  0  0  0  0/1    11:27   0:00   0:06 
Cam Atkinson             0  0  0   0  0   3  1  1  0  0  0/1    20:58   3:45   0:00 
Frans Nielsen            0  0  0   0  0   5  0  0  0  0  13/29  19:32   3:45   0:00 
Hampus Lindholm          0  1  1   5  0   0  0  3  0  0  0/0    26:17   5:34   1:15 
Jamie Benn               0  0  0   0  5   4  5  1  0  0  2/6    19:28   3:44   1:34 
Jaromir Jagr             0  0  0   0  0   6  0  0  0  0  0/0    21:01   4:55   0:43 
Joe Colborne             0  0  0   0  0   0  0  0  0  0  0/0     7:13   0:00   0:00 
Joe Pavelski             2  0  2   4  0   5  5  0  0  0  2/5    21:28   4:55   0:00 
Jonas Brodin             0  0  0   0  0   0  0  0  0  0  0/0     0:00   0:00   0:00 
Mika Zibanejad           1  2  3   4  0   3  1  0  0  0  15/19  16:35   1:11   0:00 
Mike Cammalleri          1  2  3   4  0   4  1  0  0  0  0/1    20:10   3:45   0:01 
Nick Holden              0  2  2   5  2   1  0  1  0  0  0/0    21:59   5:34   0:00 
Radek Faksa              0  0  0   0  0   1  0  0  0  0  6/13    8:47   0:00   1:34 
Radko Gudas              0  0  0   0  0   1  2  0  0  0  0/0    19:42   3:06   0:44 
Rickard Rakell           1  0  1   0  0   3  1  0  0  0  4/13   11:21   0:00   0:00 
Tobias Enstrom           0  0  0  -1  0   1  0  2  0  0  0/0    21:24   3:06   1:15 

Players Stats for Sharks

Player Name              G  A  P  +/- PIM S  H  SB GA TA FO     MP     PP MP  PK MP  
------------------------------------------------------------------------------------
Andrej Sustr             0  0  0  -1  0   0  2  0  0  0  0/0    21:23   0:48   4:22 
Anze Kopitar             0  0  0  -2  0   2  1  1  0  0  12/21  22:20   1:08   2:57 
Brenden Dillon           0  0  0  -1  4   0  10 0  0  0  0/0    14:40   0:00   0:00 
Brooks Laich             0  0  0  -2  0   0  0  0  0  0  2/6     6:50   0:00   0:00 
Charlie Coyle            0  0  0  -2  0   4  2  1  0  0  1/2    23:33   1:08   5:15 
Chris Tanev              0  0  0  -2  0   0  0  1  0  0  0/0    24:35   1:11   4:58 
Dave Bolland             0  0  0  -2  0   0  0  0  0  0  1/2     6:50   0:00   0:00 
Henrik Zetterberg        0  0  0  -1  0   2  0  0  0  0  9/19   17:04   0:51   0:38 
Marc Staal               0  0  0  -1  0   0  2  1  0  0  0/0    21:35   0:48   4:34 
Martin Havlat            1  0  1   1  0   2  2  0  0  0  0/1     9:46   0:00   0:00 
Mattias Janmark          0  0  0  -1  0   2  1  0  0  0  0/0    15:35   0:00   0:00 
Mikhail Grigorenko       0  0  0   1  2   2  1  0  0  0  0/0     9:45   0:00   0:00 
Nick Bjugstad            0  0  0  -1  7   0  1  0  0  0  1/1    15:19   0:51   0:00 
Sam Reinhart             0  0  0  -2  0   4  0  0  0  0  1/4    18:18   1:08   0:00 
Sean Couturier           0  1  1   1  0   2  1  0  0  0  19/31  16:20   0:51   5:43 
Seth Jones               0  1  1  -2  2   1  3  0  0  0  0/0    23:02   1:11   3:26 
Tom Wilson               0  0  0  -2  0   0  1  2  0  0  0/1     9:37   0:00   2:47 
Xavier Ouellet           0  0  0  -1  0   0  0  2  0  0  0/0    14:42   0:00   0:00 

3 Stars

1 - Joe Pavelski (WPG)
2 - Mika Zibanejad (WPG)
3 - Mike Cammalleri (WPG)

Power Play

Jets - 0 on 5 Attempt(s) - 0.00%
Sharks - 0 on 1 Attempt(s) - 0.00%

Penalty Kill

Jets - 1 on 1 Attempt(s) - 100.00% - Score 0 goal in Penalty Kill
Sharks - 5 on 5 Attempt(s) - 100.00% - Score 0 goal in Penalty Kill

Team Stat

Jets - Hits : 18 - Faceoff Wins : 42 - Blocked Shots : 11 - Penalty Minutes : 7
Sharks - Hits : 27 - Faceoff Wins : 46 - Blocked Shots : 8 - Penalty Minutes : 15

Official

Referees : TJ Luxmore and Wes McCauley
Linesman : Vaughan Rody and Brandon Gawryletz

Game Notes

Louis Domingue enters game at 0:16 of 2nd period
Nick Bjugstad and Jamie Benn fight to a draw at 1:33 of 3rd period

Finance

Level 1 -- Attendance: 5925 (91.15%) -- Ticket Income $622,125
Level 2 -- Attendance: 5000 (100.00%) -- Ticket Income $350,000
Level 3 -- Attendance: 3279 (93.69%) -- Ticket Income $167,229
Level 4 -- Attendance: 1562 (100.00%) -- Ticket Income $54,670
Luxury Box -- Attendance: 994 (99.40%) -- Ticket Income $198,800
Game was played at the SAP center.
Total Attendance: 16760 (95.43%)
Total Ticket Income: $1,392,824
Other Income: $208,924
Total Income: $1,601,748

% Time on Ice - Jets

Lines # - Real PCT - Wanted PCT - Time Play
Normal Forward
1 - 31% - 35% - 15:24
2 - 31% - 33% - 15:23
3 - 23% - 23% - 11:21
4 - 15% - 9% - 7:13
Normal Defense
1 - 33% - 34% - 16:26
2 - 35% - 32% - 17:03
3 - 25% - 23% - 12:11
4 - 7% - 11% - 3:41
PP Forward
1 - 57% - 63% - 4:55
2 - 43% - 37% - 3:45
PP Defense
1 - 64% - 70% - 5:34
2 - 36% - 30% - 3:06
PK Forward
1 - 100% - 65% - 1:59
2 - 0% - 35% - 0:00
PK Defense
1 - 63% - 60% - 1:15
2 - 37% - 40% - 0:44
PK3 Forward
1 - 0% - 70%
2 - 0% - 30%
PK3 Defense
1 - 0% - 60%
2 - 0% - 40%
44 Forward
1 - 0% - 50%
2 - 0% - 50%
44 Defense
1 - 0% - 51%
2 - 0% - 49%
Last Minute Offensive  - 0:00
Last Minute Defensive  - 0:00
Total
Forward - 60:00
Defense - 60:00

% Time on Ice - Sharks

Lines # - Real PCT - Wanted PCT - Time Play
Normal Forward
1 - 35% - 36% - 17:10
2 - 32% - 31% - 15:35
3 - 20% - 21% - 9:46
4 - 14% - 12% - 6:50
Normal Defense
1 - 37% - 42% - 18:26
2 - 33% - 36% - 16:13
3 - 30% - 22% - 14:42
4 - 0% - 0% - 0:00
PP Forward
1 - 57% - 67% - 1:08
2 - 43% - 33% - 0:51
PP Defense
1 - 60% - 67% - 1:11
2 - 40% - 33% - 0:48
PK Forward
1 - 68% - 60% - 5:53
2 - 32% - 40% - 2:47
PK Defense
1 - 57% - 60% - 4:58
2 - 43% - 40% - 3:42
PK3 Forward
1 - 0% - 60%
2 - 0% - 40%
PK3 Defense
1 - 0% - 60%
2 - 0% - 40%
44 Forward
1 - 0% - 55%
2 - 0% - 45%
44 Defense
1 - 0% - 65%
2 - 0% - 35%
Last Minute Offensive  - 0:00
Last Minute Defensive  - 0:00
Total
Forward - 60:00
Defense - 60:00

Play by Play

1st period


0:01 of 1st period - Anze Kopitar wins face-off versus Mika Zibanejad in neutral zone.
0:23 of 1st period - Minor Penalty to Seth Jones for Diving.
0:24 of 1st period - Jamie Benn wins face-off versus Sean Couturier in Sharks zone.
0:36 of 1st period - Off-side.
0:37 of 1st period - Frans Nielsen wins face-off versus Sean Couturier in neutral zone.
0:39 of 1st period - Nick Holden is hit by Marc Staal and loses puck.
0:54 of 1st period - Shot by Hampus Lindholm.
0:54 of 1st period - Shot Blocked by Tom Wilson.
1:03 of 1st period - Icing by Mike Cammalleri.
1:04 of 1st period - Sean Couturier wins face-off versus Frans Nielsen in Jets zone.
1:27 of 1st period - Shot by Mike Cammalleri.
1:27 of 1st period - Stopped by Semyon Varlamov without a rebound.
1:28 of 1st period - Joe Pavelski wins face-off versus Anze Kopitar in Sharks zone.
1:28 of 1st period - Jaromir Jagr is hit by Andrej Sustr and loses puck.
1:35 of 1st period - Shot by Jamie Benn.
1:35 of 1st period - Shot Misses the Net.
1:37 of 1st period - Shot by Radko Gudas.
1:37 of 1st period - Stopped by Semyon Varlamov without a rebound.
1:38 of 1st period - Sean Couturier wins face-off versus Jamie Benn in Sharks zone.
1:38 of 1st period - Sean Couturier is hit by Joe Pavelski.
1:52 of 1st period - Shot by Joe Pavelski.
1:52 of 1st period - Shot Misses the Net.
1:54 of 1st period - Shot by Tobias Enstrom.
1:54 of 1st period - Stopped by Semyon Varlamov without a rebound.
1:55 of 1st period - Sean Couturier wins face-off versus Frans Nielsen in Sharks zone.
2:10 of 1st period - Sean Couturier is hit by Mike Cammalleri and loses puck.
2:21 of 1st period - Shot by Hampus Lindholm.
2:21 of 1st period - Shot Misses the Net.
2:49 of 1st period - Shot by Jamie Benn.
2:49 of 1st period - Shot Misses the Net.
2:51 of 1st period - Shot by Frans Nielsen.
2:51 of 1st period - Stopped by Semyon Varlamov without a rebound.
2:52 of 1st period - Mika Zibanejad wins face-off versus Brooks Laich in Sharks zone.
2:55 of 1st period - Shot by Joe Pavelski.
2:55 of 1st period - Shot Misses the Net.
3:05 of 1st period - Shot by Mika Zibanejad.
3:05 of 1st period - Shot Misses the Net.
3:07 of 1st period - Shot by Mika Zibanejad.
3:07 of 1st period - Shot Misses the Net.
3:09 of 1st period - Shot by Radko Gudas.
3:09 of 1st period - Shot Blocked by Tom Wilson.
3:11 of 1st period - Shot by Braydon Coburn.
3:11 of 1st period - Stopped by Semyon Varlamov without a rebound.
3:12 of 1st period - Anze Kopitar wins face-off versus Rickard Rakell in Sharks zone.
3:17 of 1st period - Shot by Rickard Rakell.
3:17 of 1st period - Goal by Rickard Rakell - Jets : 1 - Sharks : 0.
3:18 of 1st period - Sean Couturier wins face-off versus Rickard Rakell in neutral zone.
3:25 of 1st period - Cam Atkinson is hit by Martin Havlat and loses puck.
3:43 of 1st period - Shot by Rickard Rakell.
3:43 of 1st period - Stopped by Semyon Varlamov without a rebound.
3:44 of 1st period - Anze Kopitar wins face-off versus Jamie Benn in Sharks zone.
4:01 of 1st period - Shot by Charlie Coyle.
4:01 of 1st period - Stopped by Cory Schneider without a rebound.
4:02 of 1st period - Mika Zibanejad wins face-off versus Henrik Zetterberg in Jets zone.
4:16 of 1st period - Shot by Mike Cammalleri.
4:16 of 1st period - Shot Blocked by Chris Tanev.
4:33 of 1st period - Off-side.
4:34 of 1st period - Frans Nielsen wins face-off versus Anze Kopitar in neutral zone.
4:55 of 1st period - Shot by Jamie Benn.
4:55 of 1st period - Deflect By Jaromir Jagr.
4:55 of 1st period - Stopped by Semyon Varlamov with a rebound.
4:57 of 1st period - Shot by Frans Nielsen.
4:57 of 1st period - Stopped by Semyon Varlamov without a rebound.
4:58 of 1st period - Rickard Rakell wins face-off versus Sean Couturier in Sharks zone.
4:58 of 1st period - Rickard Rakell is hit by Brenden Dillon.
5:03 of 1st period - Icing by Brenden Dillon.
5:04 of 1st period - Rickard Rakell wins face-off versus Sean Couturier in Sharks zone.
5:37 of 1st period - Shot by Sean Couturier.
5:37 of 1st period - Shot Blocked by Cam Atkinson.
5:39 of 1st period - Shot by Xavier Ouellet.
5:39 of 1st period - Shot Misses the Net.
5:41 of 1st period - Shot by Mikhail Grigorenko.
5:41 of 1st period - Shot Misses the Net.
6:19 of 1st period - Shot by Sam Reinhart.
6:19 of 1st period - Stopped by Cory Schneider without a rebound.
6:20 of 1st period - Henrik Zetterberg wins face-off versus Jamie Benn in Jets zone.
6:48 of 1st period - Jamie Benn is hit by Seth Jones and loses puck.
7:12 of 1st period - Icing by Braydon Coburn.
7:13 of 1st period - Frans Nielsen wins face-off versus Anze Kopitar in Jets zone.
7:49 of 1st period - Off-side.
7:50 of 1st period - Radek Faksa wins face-off versus Brooks Laich in neutral zone.
7:50 of 1st period - Radek Faksa is hit by Tom Wilson.
8:10 of 1st period - Shot by Cam Atkinson.
8:10 of 1st period - Shot Misses the Net.
8:43 of 1st period - Mike Cammalleri is hit by Brenden Dillon and loses puck.
9:00 of 1st period - Anze Kopitar is hit by Joe Pavelski and loses puck.
9:17 of 1st period - Shot by Anze Kopitar.
9:17 of 1st period - Shot Misses the Net.
9:55 of 1st period - Shot by Jaromir Jagr.
9:55 of 1st period - Stopped by Semyon Varlamov without a rebound.
9:56 of 1st period - Rickard Rakell wins face-off versus Henrik Zetterberg in Sharks zone.
9:56 of 1st period - Hampus Lindholm is hit by Marc Staal and loses puck.
10:27 of 1st period - Shot by Brock Nelson.
10:27 of 1st period - Stopped by Semyon Varlamov with a rebound.
10:31 of 1st period - Shot by Rickard Rakell.
10:31 of 1st period - Stopped by Semyon Varlamov without a rebound.
10:32 of 1st period - Sean Couturier wins face-off versus Frans Nielsen in Sharks zone.
10:32 of 1st period - Sean Couturier is hit by Jamie Benn.
10:35 of 1st period - Icing by Martin Havlat.
10:36 of 1st period - Mika Zibanejad wins face-off versus Sean Couturier in Sharks zone.
10:55 of 1st period - Shot by Martin Havlat.
10:55 of 1st period - Stopped by Cory Schneider without a rebound.
10:56 of 1st period - Frans Nielsen wins face-off versus Anze Kopitar in Jets zone.
11:06 of 1st period - Off-side.
11:07 of 1st period - Mika Zibanejad wins face-off versus Henrik Zetterberg in neutral zone.
11:10 of 1st period - Mattias Janmark is hit by Mika Zibanejad and loses puck.
11:28 of 1st period - Off-side.
11:29 of 1st period - Frans Nielsen wins face-off versus Anze Kopitar in neutral zone.
11:40 of 1st period - Shot by Sam Reinhart.
11:40 of 1st period - Shot Blocked by Hampus Lindholm.
12:14 of 1st period - Shot by Jamie Benn.
12:14 of 1st period - Stopped by Semyon Varlamov without a rebound.
12:15 of 1st period - Mika Zibanejad wins face-off versus Henrik Zetterberg in Sharks zone.
12:20 of 1st period - Shot by Mika Zibanejad.
12:20 of 1st period - Shot Misses the Net.
12:52 of 1st period - Shot by Nick Bjugstad.
12:52 of 1st period - Shot Blocked by Ben Lovejoy.
12:54 of 1st period - Shot by Mattias Janmark.
12:54 of 1st period - Shot Misses the Net.
12:56 of 1st period - Shot by Andrej Sustr.
12:56 of 1st period - Shot Misses the Net.
13:12 of 1st period - Shot by Rickard Rakell.
13:12 of 1st period - Shot Misses the Net.
13:14 of 1st period - Shot by Cam Atkinson.
13:14 of 1st period - Stopped by Semyon Varlamov without a rebound.
13:15 of 1st period - Frans Nielsen wins face-off versus Sam Reinhart in Sharks zone.
13:16 of 1st period - Shot by Jaromir Jagr.
13:16 of 1st period - Stopped by Semyon Varlamov without a rebound.
13:17 of 1st period - Anze Kopitar wins face-off versus Rickard Rakell in Sharks zone.
13:54 of 1st period - Icing by Chris Tanev.
13:55 of 1st period - Charlie Coyle wins face-off versus Frans Nielsen in Sharks zone.
13:55 of 1st period - Charlie Coyle is hit by Jamie Benn.
13:58 of 1st period - Seth Jones is hit by Jamie Benn and loses puck.
14:07 of 1st period - Shot by Charlie Coyle.
14:07 of 1st period - Shot Misses the Net.
14:10 of 1st period - Icing by Radko Gudas.
14:11 of 1st period - Sean Couturier wins face-off versus Frans Nielsen in Jets zone.
14:12 of 1st period - Shot by Mikhail Grigorenko.
14:12 of 1st period - Deflect By Sean Couturier.
14:12 of 1st period - Shot Misses the Net.
14:23 of 1st period - Icing by Jamie Benn.
14:24 of 1st period - Frans Nielsen wins face-off versus Henrik Zetterberg in Jets zone.
14:24 of 1st period - Jaromir Jagr is hit by Mattias Janmark and loses puck.
14:49 of 1st period - Shot by Radko Gudas.
14:49 of 1st period - Shot Misses the Net.
14:51 of 1st period - Shot by Jaromir Jagr.
14:51 of 1st period - Shot Misses the Net.
14:53 of 1st period - Shot by Frans Nielsen.
14:53 of 1st period - Deflect By Jamie Benn.
14:53 of 1st period - Shot Misses the Net.
15:26 of 1st period - Mike Cammalleri is hit by Brenden Dillon.
15:44 of 1st period - Shot by Mika Zibanejad.
15:44 of 1st period - Goal by Mika Zibanejad - Jets : 2 - Sharks : 0.
15:45 of 1st period - Sean Couturier wins face-off versus Rickard Rakell in neutral zone.
15:50 of 1st period - Icing by Tobias Enstrom.
15:51 of 1st period - Sean Couturier wins face-off versus Rickard Rakell in Jets zone.
15:56 of 1st period - Shot by Sean Couturier.
15:56 of 1st period - Stopped by Cory Schneider with a rebound.
15:58 of 1st period - Shot by Martin Havlat.
15:58 of 1st period - Goal by Martin Havlat - Jets : 2 - Sharks : 1.
15:59 of 1st period - Radek Faksa wins face-off versus Anze Kopitar in neutral zone.
16:28 of 1st period - Shot by Radek Faksa.
16:28 of 1st period - Shot Misses the Net.
16:35 of 1st period - Off-side.
16:36 of 1st period - Sean Couturier wins face-off versus Frans Nielsen in neutral zone.
17:11 of 1st period - Shot by Jamie Benn.
17:11 of 1st period - Shot Misses the Net.
17:53 of 1st period - Ben Lovejoy is hit by Martin Havlat and loses puck.
19:10 of 1st period - Nick Holden is hit by Brenden Dillon and loses puck.
19:15 of 1st period - Shot by Cam Atkinson.
19:15 of 1st period - Stopped by Semyon Varlamov without a rebound.
19:16 of 1st period - Radek Faksa wins face-off versus Henrik Zetterberg in Sharks zone.
19:56 of 1st period - Shot by Brenden Dillon.
19:56 of 1st period - Shot Misses the Net.
Goals for this period are 2 for Jets vs 1 for Sharks.
Shots for this period are 17 for Jets vs 5 for Sharks.

2nd period


0:01 of 2nd period - Mika Zibanejad wins face-off versus Tom Wilson in neutral zone.
0:04 of 2nd period - Shot by Joe Pavelski.
0:04 of 2nd period - Goal by Joe Pavelski - Jets : 3 - Sharks : 1.
0:05 of 2nd period - Mika Zibanejad wins face-off versus Brooks Laich in neutral zone.
0:14 of 2nd period - Shot by Joe Pavelski.
0:14 of 2nd period - Shot Misses the Net.
0:16 of 2nd period - Shot by Joe Pavelski.
0:16 of 2nd period - Goal by Joe Pavelski - Jets : 4 - Sharks : 1.
0:16 of 2nd period - Louis Domingue enters game.
0:17 of 2nd period - Anze Kopitar wins face-off versus Rickard Rakell in neutral zone.
0:21 of 2nd period - Charlie Coyle is hit by Radko Gudas and loses puck.
0:28 of 2nd period - Shot by Charlie Coyle.
0:28 of 2nd period - Stopped by Cory Schneider with a rebound.
0:35 of 2nd period - Cam Atkinson is hit by Andrej Sustr and loses puck.
0:41 of 2nd period - Icing by Andrej Sustr.
0:42 of 2nd period - Mika Zibanejad wins face-off versus Anze Kopitar in Sharks zone.
0:43 of 2nd period - Shot by Joe Pavelski.
0:43 of 2nd period - Stopped by Louis Domingue without a rebound.
0:44 of 2nd period - Brooks Laich wins face-off versus Mika Zibanejad in Sharks zone.
1:18 of 2nd period - Shot by Joe Pavelski.
1:18 of 2nd period - Shot Misses the Net.
1:26 of 2nd period - Shot by Mika Zibanejad.
1:26 of 2nd period - Stopped by Louis Domingue without a rebound.
1:27 of 2nd period - Frans Nielsen wins face-off versus Anze Kopitar in Sharks zone.
2:37 of 2nd period - Icing by Xavier Ouellet.
2:38 of 2nd period - Henrik Zetterberg wins face-off versus Mike Cammalleri in Sharks zone.
2:38 of 2nd period - Henrik Zetterberg is hit by Joe Pavelski.
2:52 of 2nd period - Shot by Mika Zibanejad.
2:52 of 2nd period - Shot Misses the Net.
2:54 of 2nd period - Shot by Nick Holden.
2:54 of 2nd period - Stopped by Louis Domingue without a rebound.
2:55 of 2nd period - Sean Couturier wins face-off versus Rickard Rakell in Sharks zone.
3:23 of 2nd period - Sean Couturier is hit by Rickard Rakell and loses puck.
4:41 of 2nd period - Shot by Mika Zibanejad.
4:41 of 2nd period - Stopped by Louis Domingue with a rebound.
4:47 of 2nd period - Joe Pavelski is hit by Nick Bjugstad and loses puck.
5:32 of 2nd period - Shot by Charlie Coyle.
5:32 of 2nd period - Stopped by Cory Schneider without a rebound.
5:33 of 2nd period - Frans Nielsen wins face-off versus Brooks Laich in Jets zone.
5:37 of 2nd period - Off-side.
5:38 of 2nd period - Anze Kopitar wins face-off versus Frans Nielsen in neutral zone.
5:46 of 2nd period - Charlie Coyle is hit by Radko Gudas and loses puck.
6:01 of 2nd period - Shot by Frans Nielsen.
6:01 of 2nd period - Shot Misses the Net.
6:59 of 2nd period - Cam Atkinson is hit by Seth Jones and loses puck.
7:20 of 2nd period - Shot by Radek Faksa.
7:20 of 2nd period - Stopped by Louis Domingue without a rebound.
7:21 of 2nd period - Henrik Zetterberg wins face-off versus Radek Faksa in Sharks zone.
7:28 of 2nd period - Shot by Nick Bjugstad.
7:28 of 2nd period - Shot Blocked by Braydon Coburn.
7:40 of 2nd period - Shot by Henrik Zetterberg.
7:40 of 2nd period - Stopped by Cory Schneider without a rebound.
7:41 of 2nd period - Sean Couturier wins face-off versus Frans Nielsen in Jets zone.
7:47 of 2nd period - Icing by Nick Holden.
7:48 of 2nd period - Frans Nielsen wins face-off versus Henrik Zetterberg in Jets zone.
8:08 of 2nd period - Off-side.
8:09 of 2nd period - Sam Reinhart wins face-off versus Mika Zibanejad in neutral zone.
8:18 of 2nd period - Shot by Sam Reinhart.
8:18 of 2nd period - Shot Blocked by Tobias Enstrom.
8:26 of 2nd period - Shot by Mike Cammalleri.
8:26 of 2nd period - Stopped by Louis Domingue with a rebound.
8:28 of 2nd period - Shot by Mika Zibanejad.
8:28 of 2nd period - Shot Misses the Net.
8:30 of 2nd period - Shot by Ben Lovejoy.
8:30 of 2nd period - Shot Blocked by Marc Staal.
8:36 of 2nd period - Shot by Mike Cammalleri.
8:36 of 2nd period - Deflect By Joe Pavelski.
8:36 of 2nd period - Shot Misses the Net.
8:52 of 2nd period - Anze Kopitar is hit by Ben Lovejoy and loses puck.
9:34 of 2nd period - Shot by Jamie Benn.
9:34 of 2nd period - Stopped by Louis Domingue without a rebound.
9:35 of 2nd period - Henrik Zetterberg wins face-off versus Cam Atkinson in Sharks zone.
10:01 of 2nd period - Shot by Rickard Rakell.
10:01 of 2nd period - Shot Hit the Post.
10:15 of 2nd period - Shot by Cam Atkinson.
10:15 of 2nd period - Shot Misses the Net.
10:18 of 2nd period - Minor Penalty to Brenden Dillon for Hooking.
10:19 of 2nd period - Jamie Benn wins face-off versus Sean Couturier in Sharks zone.
10:22 of 2nd period - Shot by Jaromir Jagr.
10:22 of 2nd period - Stopped by Louis Domingue without a rebound.
10:23 of 2nd period - Sean Couturier wins face-off versus Joe Pavelski in Sharks zone.
10:52 of 2nd period - Shot by Joe Pavelski.
10:52 of 2nd period - Stopped by Louis Domingue without a rebound.
10:53 of 2nd period - Sean Couturier wins face-off versus Frans Nielsen in Sharks zone.
11:15 of 2nd period - Off-side.
11:16 of 2nd period - Sean Couturier wins face-off versus Joe Pavelski in neutral zone.
11:21 of 2nd period - Shot by Sean Couturier.
11:21 of 2nd period - Shot Misses the Net.
11:29 of 2nd period - Chris Tanev is hit by Jamie Benn and loses puck.
11:43 of 2nd period - Hampus Lindholm is hit by Charlie Coyle and loses puck.
12:22 of 2nd period - Cam Atkinson is hit by Brenden Dillon and loses puck.
12:25 of 2nd period - Shot by Radek Faksa.
12:25 of 2nd period - Shot Blocked by Xavier Ouellet.
12:27 of 2nd period - Shot by Cam Atkinson.
12:27 of 2nd period - Stopped by Louis Domingue without a rebound.
12:28 of 2nd period - Henrik Zetterberg wins face-off versus Rickard Rakell in Sharks zone.
12:33 of 2nd period - Shot by Nick Bjugstad.
12:33 of 2nd period - Shot Misses the Net.
12:47 of 2nd period - Shot by Mattias Janmark.
12:47 of 2nd period - Stopped by Cory Schneider with a rebound.
12:48 of 2nd period - Minor Penalty to Nick Bjugstad for Holding.
12:49 of 2nd period - Sean Couturier wins face-off versus Frans Nielsen in Sharks zone.
14:01 of 2nd period - Chris Tanev is hit by Jamie Benn.
15:06 of 2nd period - Henrik Zetterberg is hit by Brock Nelson and loses puck.
15:11 of 2nd period - Shot by Brock Nelson.
15:11 of 2nd period - Stopped by Louis Domingue without a rebound.
15:12 of 2nd period - Brooks Laich wins face-off versus Radek Faksa in Sharks zone.
16:53 of 2nd period - Shot by Sam Reinhart.
16:53 of 2nd period - Shot Blocked by Nick Holden.
16:59 of 2nd period - Shot by Sam Reinhart.
16:59 of 2nd period - Stopped by Cory Schneider without a rebound.
17:00 of 2nd period - Sean Couturier wins face-off versus Frans Nielsen in Jets zone.
17:11 of 2nd period - Shot by Mikhail Grigorenko.
17:11 of 2nd period - Stopped by Cory Schneider with a rebound.
17:13 of 2nd period - Shot by Mikhail Grigorenko.
17:13 of 2nd period - Shot Blocked by Ben Lovejoy.
17:21 of 2nd period - Shot by Sean Couturier.
17:21 of 2nd period - Stopped by Cory Schneider without a rebound.
17:22 of 2nd period - Frans Nielsen wins face-off versus Anze Kopitar in Jets zone.
17:44 of 2nd period - Shot by Sam Reinhart.
17:44 of 2nd period - Stopped by Cory Schneider without a rebound.
17:45 of 2nd period - Mika Zibanejad wins face-off versus Sean Couturier in Jets zone.
17:56 of 2nd period - Shot by Mike Cammalleri.
17:56 of 2nd period - Stopped by Louis Domingue without a rebound.
17:57 of 2nd period - Mika Zibanejad wins face-off versus Sam Reinhart in Sharks zone.
17:58 of 2nd period - Shot by Mike Cammalleri.
17:58 of 2nd period - Shot Misses the Net.
18:00 of 2nd period - Shot by Mike Cammalleri.
18:00 of 2nd period - Goal by Mike Cammalleri - Jets : 5 - Sharks : 1.
18:01 of 2nd period - Anze Kopitar wins face-off versus Frans Nielsen in neutral zone.
18:19 of 2nd period - Minor Penalty to Nick Holden for High sticking.
18:20 of 2nd period - Radek Faksa wins face-off versus Sean Couturier in Jets zone.
19:16 of 2nd period - Off-side.
19:17 of 2nd period - Anze Kopitar wins face-off versus Radek Faksa in neutral zone.
19:33 of 2nd period - Shot by Seth Jones.
19:33 of 2nd period - Stopped by Cory Schneider without a rebound.
19:34 of 2nd period - Radek Faksa wins face-off versus Charlie Coyle in Jets zone.
Goals for this period are 3 for Jets vs 0 for Sharks.
Shots for this period are 15 for Jets vs 9 for Sharks.

3rd period


0:01 of 3rd period - Anze Kopitar wins face-off versus Radek Faksa in neutral zone.
0:13 of 3rd period - Shot by Charlie Coyle.
0:13 of 3rd period - Shot Blocked by Tobias Enstrom.
0:15 of 3rd period - Shot by Charlie Coyle.
0:15 of 3rd period - Stopped by Cory Schneider without a rebound.
0:16 of 3rd period - Radek Faksa wins face-off versus Henrik Zetterberg in Jets zone.
0:25 of 3rd period - Shot by Joe Pavelski.
0:25 of 3rd period - Stopped by Louis Domingue without a rebound.
0:26 of 3rd period - Frans Nielsen wins face-off versus Sam Reinhart in Sharks zone.
0:56 of 3rd period - Shot by Anze Kopitar.
0:56 of 3rd period - Deflect By Sam Reinhart.
0:56 of 3rd period - Shot Misses the Net.
1:07 of 3rd period - Shot by Jaromir Jagr.
1:07 of 3rd period - Shot Misses the Net.
1:09 of 3rd period - Shot by Frans Nielsen.
1:09 of 3rd period - Shot Misses the Net.
1:20 of 3rd period - Icing by Hampus Lindholm.
1:21 of 3rd period - Henrik Zetterberg wins face-off versus Jamie Benn in Jets zone.
1:33 of 3rd period - Nick Bjugstad and Jamie Benn fight to a draw.
1:33 of 3rd period - Penalty to Nick Bjugstad for Fighting.
1:33 of 3rd period - Penalty to Jamie Benn for Fighting.
1:34 of 3rd period - Mika Zibanejad wins face-off versus Sean Couturier in neutral zone.
1:36 of 3rd period - Minor Penalty to Brenden Dillon for High sticking.
1:37 of 3rd period - Sean Couturier wins face-off versus Frans Nielsen in Sharks zone.
1:46 of 3rd period - Charlie Coyle is hit by Cam Atkinson.
3:14 of 3rd period - Icing by Mika Zibanejad.
3:15 of 3rd period - Joe Pavelski wins face-off versus Sean Couturier in Jets zone.
4:03 of 3rd period - Tobias Enstrom is hit by Brenden Dillon.
4:07 of 3rd period - Shot by Brock Nelson.
4:07 of 3rd period - Shot Blocked by Anze Kopitar.
4:35 of 3rd period - Joe Pavelski is hit by Anze Kopitar and loses puck.
5:30 of 3rd period - Shot by Frans Nielsen.
5:30 of 3rd period - Stopped by Louis Domingue without a rebound.
5:31 of 3rd period - Frans Nielsen wins face-off versus Martin Havlat in Sharks zone.
5:34 of 3rd period - Shot by Jaromir Jagr.
5:34 of 3rd period - Stopped by Louis Domingue without a rebound.
5:35 of 3rd period - Rickard Rakell wins face-off versus Sean Couturier in Sharks zone.
5:46 of 3rd period - Shot by Mikhail Grigorenko.
5:46 of 3rd period - Shot Misses the Net.
6:40 of 3rd period - Icing by Jaromir Jagr.
6:41 of 3rd period - Anze Kopitar wins face-off versus Frans Nielsen in Jets zone.
6:52 of 3rd period - Shot by Sam Reinhart.
6:52 of 3rd period - Stopped by Cory Schneider with a rebound.
7:00 of 3rd period - Shot by Jaromir Jagr.
7:00 of 3rd period - Shot Blocked by Charlie Coyle.
7:02 of 3rd period - Shot by Mike Cammalleri.
7:02 of 3rd period - Deflect By Frans Nielsen.
7:02 of 3rd period - Stopped by Louis Domingue with a rebound.
7:16 of 3rd period - Frans Nielsen is hit by Seth Jones.
7:33 of 3rd period - Icing by Radko Gudas.
7:34 of 3rd period - Henrik Zetterberg wins face-off versus Radek Faksa in Jets zone.
7:59 of 3rd period - Shot by Nick Bjugstad.
7:59 of 3rd period - Shot Misses the Net.
8:49 of 3rd period - Shot by Martin Havlat.
8:49 of 3rd period - Shot Blocked by Hampus Lindholm.
8:51 of 3rd period - Shot by Mikhail Grigorenko.
8:51 of 3rd period - Stopped by Cory Schneider without a rebound.
8:52 of 3rd period - Anze Kopitar wins face-off versus Frans Nielsen in Jets zone.
9:03 of 3rd period - Shot by Charlie Coyle.
9:03 of 3rd period - Shot Blocked by Jamie Benn.
9:05 of 3rd period - Shot by Anze Kopitar.
9:05 of 3rd period - Stopped by Cory Schneider without a rebound.
9:06 of 3rd period - Sean Couturier wins face-off versus Frans Nielsen in Jets zone.
9:33 of 3rd period - Shot by Jamie Benn.
9:33 of 3rd period - Stopped by Louis Domingue with a rebound.
10:02 of 3rd period - Shot by Anze Kopitar.
10:02 of 3rd period - Stopped by Cory Schneider without a rebound.
10:03 of 3rd period - Mika Zibanejad wins face-off versus Henrik Zetterberg in Jets zone.
10:55 of 3rd period - Mike Cammalleri is hit by Brenden Dillon and loses puck.
11:33 of 3rd period - Rickard Rakell is hit by Brenden Dillon and loses puck.
11:54 of 3rd period - Shot by Jaromir Jagr.
11:54 of 3rd period - Shot Blocked by Xavier Ouellet.
12:33 of 3rd period - Jamie Benn is hit by Charlie Coyle and loses puck.
12:53 of 3rd period - Icing by Radek Faksa.
12:54 of 3rd period - Nick Bjugstad wins face-off versus Radek Faksa in Jets zone.
13:03 of 3rd period - Shot by Mattias Janmark.
13:03 of 3rd period - Deflect By Nick Bjugstad.
13:03 of 3rd period - Shot Misses the Net.
13:05 of 3rd period - Shot by Mattias Janmark.
13:05 of 3rd period - Shot Blocked by Hampus Lindholm.
13:07 of 3rd period - Shot by Mattias Janmark.
13:07 of 3rd period - Shot Misses the Net.
13:09 of 3rd period - Shot by Mattias Janmark.
13:09 of 3rd period - Shot Misses the Net.
13:21 of 3rd period - Shot by Henrik Zetterberg.
13:21 of 3rd period - Stopped by Cory Schneider without a rebound.
13:22 of 3rd period - Mika Zibanejad wins face-off versus Sean Couturier in Jets zone.
13:59 of 3rd period - Shot by Mike Cammalleri.
13:59 of 3rd period - Shot Hit the Post.
14:23 of 3rd period - Jamie Benn is hit by Sean Couturier and loses puck.
14:38 of 3rd period - Shot by Jamie Benn.
14:38 of 3rd period - Stopped by Louis Domingue without a rebound.
14:39 of 3rd period - Henrik Zetterberg wins face-off versus Brock Nelson in Sharks zone.
15:39 of 3rd period - Shot by Frans Nielsen.
15:39 of 3rd period - Stopped by Louis Domingue without a rebound.
15:40 of 3rd period - Mika Zibanejad wins face-off versus Dave Bolland in Sharks zone.
15:40 of 3rd period - Joe Pavelski is hit by Brenden Dillon and loses puck.
15:49 of 3rd period - Icing by Tom Wilson.
15:50 of 3rd period - Dave Bolland wins face-off versus Mika Zibanejad in Sharks zone.
16:00 of 3rd period - Ben Lovejoy is hit by Brenden Dillon and loses puck.
16:13 of 3rd period - Shot by Brenden Dillon.
16:13 of 3rd period - Shot Misses the Net.
17:11 of 3rd period - Shot by Frans Nielsen.
17:11 of 3rd period - Deflect By Jaromir Jagr.
17:11 of 3rd period - Stopped by Louis Domingue without a rebound.
17:12 of 3rd period - Henrik Zetterberg wins face-off versus Rickard Rakell in Sharks zone.
17:25 of 3rd period - Shot by Mattias Janmark.
17:25 of 3rd period - Stopped by Cory Schneider without a rebound.
17:26 of 3rd period - Anze Kopitar wins face-off versus Radek Faksa in Jets zone.
18:18 of 3rd period - Off-side.
18:19 of 3rd period - Mika Zibanejad wins face-off versus Henrik Zetterberg in neutral zone.
19:00 of 3rd period - Mattias Janmark is hit by Joe Pavelski and loses puck.
19:14 of 3rd period - Joe Pavelski is hit by Mikhail Grigorenko.
19:15 of 3rd period - Minor Penalty to Mikhail Grigorenko for Roughing.
19:16 of 3rd period - Sean Couturier wins face-off versus Joe Pavelski in Sharks zone.
19:16 of 3rd period - Marc Staal is hit by Joe Pavelski and loses puck.
Goals for this period are 0 for Jets vs 0 for Sharks.
Shots for this period are 8 for Jets vs 7 for Sharks.